 Dungeon Crawl Stone Soup version 0.30-a0-728-gc68057be0a (webtiles) character file.

Game seed: 1760931762128529023

3702 ASSMAN the Fighter (level 9, -15/132 HPs)
             Began as an Armataur Berserker on Jan 29, 2023.
             Was a Priest of Trog.
             Demolished by Grum
             ... wielding a -2 glaive
              (22 damage)
             ... on level 8 of the Dungeon on Jan 31, 2023.
             The game lasted 00:08:53 (6940 turns).

ASSMAN the Fighter (Armataur Berserker)             Turns: 6940, Time: 00:08:54

Health: -15/132    AC:  8    Str: 27    XL:     9   Next: 91%
Magic:  9/9        EV:  9    Int:  8    God:    Trog [***...]
Gold:   415        SH:  0    Dex:  9    Spells: 8/8 levels left

rFire   . . .      SeeInvis .    z - +2 demon trident (elec)
rCold   . . .      Faith    .    (no shield)
rNeg    . . .      Spirit   .    A - +0 steam dragon scales
rPois   .          Reflect  .    i - +0 helmet
rElec   .          Harm     .    (no cloak)
rCorr   .          Roll     +    j - +0 pair of gloves
Will    .....                    (no barding) Stlth
                                 (no amulet)
HPRegen 0.42/turn                (no ring)
MPRegen 0.11/turn                (no ring)

@: berserking, very quick
A: large, rugged brown scales 3, deformed body, armoured tail, roll, long
tongue, awkward tongue
a: Renounce Religion, Berserk, Trog's Hand


You were on level 8 of the Dungeon.
You worshipped Trog.
Trog was most pleased with you.
You visited 1 branch of the dungeon, and saw 8 of its levels.

You collected 534 gold pieces.
You spent 119 gold pieces at shops.

Inventory:

Hand Weapons
 z - a +2 demon trident of electrocution (weapon)
Armour
 i - a +0 helmet (worn)
 j - a +0 pair of gloves (worn)
 A - +0 steam dragon scales (worn)
 B - the +3 scale mail of the Moon {*Slow rF- Str+8 Stlth+}
   (You found it on level 7 of the Dungeon)

   Str:       It affects your strength (+8).
   rF:        It makes you vulnerable to fire.
   *Slow:     It may slow you when you take damage.
   Stlth:     It makes you more stealthy.
Wands
 y - a wand of iceblast (15)
Scrolls
 a - 2 scrolls of enchant armour {unknown}
 d - a scroll of torment {unknown}
 e - 3 scrolls of amnesia {unknown}
 k - a scroll of acquirement {unknown}
 l - 2 scrolls of brand weapon {unknown}
 m - 2 scrolls of vulnerability {unknown}
 o - a scroll of noise {unknown}
 p - a scroll of magic mapping {unknown}
 r - 2 scrolls of blinking {unknown}
 s - 2 scrolls of identify {unknown}
 t - a scroll of poison {unknown}
 u - 6 scrolls of teleportation {unknown}
 v - a scroll of fear {unknown}
Potions
 b - 4 potions of curing {unknown}
 c - 2 potions of attraction {unknown}
 f - a potion of cancellation {unknown}
 g - 3 potions of mutation {unknown}
 h - 4 potions of flight {unknown}
 n - a potion of might {unknown}
 q - 2 potions of lignification {unknown}
 w - 2 potions of ambrosia {unknown}
 x - 3 potions of haste {unknown}


   Skills:
 + Level 9.2 Fighting
 + Level 5.6 Polearms
 - Level 2.4 Armour
 - Level 1.3 Dodging
 - Level 8.0 Unarmed Combat


You had 8 spell levels left.
You didn't know any spells.
Your spell library contained the following spells:

 Spells                   Type           Power      Damage    Failure   Level
 Freeze                   Ice            0%         1d3       41%         1
 Blink                    Tloc           0%         N/A       54%         2
 Ensorcelled Hibernation  Hex/Ice        0%         N/A       54%         2
 Lesser Beckoning         Tloc           0%         N/A       54%         2
 Momentum Strike          Conj/Tloc      0%         3d8       54%         2
 Passwall                 Tmut/Erth      0%         N/A       54%         2
 Wereblood                Tmut           0%         N/A       54%         2
 Dazzling Flash           Conj/Hex       0%         N/A       78%         3
 Swiftness                Air            0%         N/A       78%         3
 Petrify                  Tmut/Erth      0%         N/A       99%         4
 Agony                    Necr           0%         N/A       100%        5
 Silence                  Hex/Air        0%         N/A       100%        5


Dungeon Overview and Level Annotations

Branches:
Dungeon (8/15)             Temple (0/1) D:4
   Lair: D:8-11

Altars:
Cheibriados
Elyvilon
Gozag
Kikubaaqudgha
Okawaru
Ru
Sif Muna
Trog
Vehumet
Wu Jian
Xom
The Shining One

Shops:
D:2 (   D:7 [

Annotations:
D:8 Grum


Innate Abilities, Weirdness & Mutations

You are completely covered in rugged brown scales. (AC +3, +7% HP)
Armour fits poorly on your strangely shaped body.
You have a long armoured tail.
You roll when moving toward enemies. (Rampage)
Your long tongue fully drains potion bottles. (2x potion effects)
Your tongue gives you trouble enunciating. (1.5x scroll delay)


Message History

You miss the wolf. The wolf bites you!
You miss the wolf. The wolf bites you. Grum barely misses you.
The wolf bites you but does no damage.
You puncture the wolf!
Your tail-slap misses the wolf.
The wolf is moderately wounded.
The wolf misses you.
Grum hits you from afar with a -2 glaive!!
You barely miss the wolf.
The wolf is moderately wounded.
The wolf bites you.
Grum hits you from afar with a -2 glaive!
* * * LOW HITPOINT WARNING * * *
You closely miss the wolf. Your punch misses the wolf.
The wolf is moderately wounded.
The wolf bites you.
* * * LOW HITPOINT WARNING * * *
You closely miss the wolf.
The wolf is moderately wounded.
The wolf bites you!
* * * LOW HITPOINT WARNING * * *
Grum closely misses you.
You closely miss the wolf.
The wolf is moderately wounded.
The wolf barely misses you.
Grum hits you from afar with a -2 glaive.
* * * LOW HITPOINT WARNING * * *
You puncture the wolf!
Your tail-slap misses the wolf.
The wolf is almost dead.
The wolf completely misses you. The wolf closely misses you.
You closely miss the wolf.
The wolf is almost dead.
Grum hits you from afar with a -2 glaive!
* * * LOW HITPOINT WARNING * * *
The wolf bites you.
* * * LOW HITPOINT WARNING * * *
You impale the wolf!!
You kill the wolf!
Trog accepts your kill.
Grum hits you from afar with a -2 glaive!!
You die...

#. #> #. #.
############# #.
#....#......# #.
#....'......######.
#....#.............
#†@###.............
#.†#....####.......
#.g#....#..'.......
#..#....#..#......#
#..#....#..########
#..#....####
#..#...<# #..#....#
#....#


You could see Grum.

Vanquished Creatures
  Amaemon (D:8)
  A gargoyle (D:7)
  An orange demon (D:8)
  2 steam dragons (D:7)
  2 water moccasins (D:7)
  4 ice beasts
  An ogre (D:6)
  3 wolves (D:8)
  2 bullfrogs (D:7)
  8 scorpions
  3 wights (D:6)
  3 howler monkeys (D:8)
  2 jellies (D:4)
  2 orc priests
  Ijyb (D:5)
  Jessica (D:2)
  5 iguanas
  5 orc wizards (D:6)
  Robin (D:2)
  10 adders
  2 river rats (D:6)
  2 ufetubi (D:5)
  5 worms
  2 dart slugs
  16 orcs
  3 endoplasms
  12 goblins
  6 hobgoblins
  4 kobolds
  3 quokkas
  11 ball pythons
  5 bats
  4 frilled lizards
  7 rats
140 creatures vanquished.

Notes
Turn   | Place    | Note
-------+----------+-------------------------------------------
     0 | D:1      | ASSMAN the Armataur Berserker began the quest for the Orb.
     0 | D:1      | Reached XP level 1. HP: 19/19 MP: 1/1
    14 | D:1      | Upgraded the game from 0.30-a0-726-gd89dcf765f to
                  | 0.30-a0-728-gc68057be0a
    85 | D:1      | You fall into a shaft and drop 1 floor!
   176 | D:1      | Reached skill level 3 in Fighting
   176 | D:1      | Reached XP level 2. HP: 21/27 MP: 2/2
   535 | D:2      | Found Xecliel's Weapon Boutique.
   549 | D:2      | Noticed Robin
   554 | D:2      | Reached XP level 3. HP: 33/33 MP: 3/3
   573 | D:2      | Killed Robin
   865 | D:2      | Noticed Jessica
   879 | D:2      | Killed Jessica
   879 | D:2      | Reached ** piety under Trog
   880 | D:2      | Reached XP level 4. HP: 32/42 MP: 4/4
  1094 | D:2      | Reached skill level 4 in Fighting
  1648 | D:3      | Reached XP level 5. HP: 49/49 MP: 5/5
  1962 | D:3      | Noticed a phantom
  2460 | D:4      | Found an ornate altar of the Wu Jian Council.
  2507 | D:4      | Reached XP level 6. HP: 58/58 MP: 6/6
  2848 | D:4      | Found a staircase to the Ecumenical Temple.
  3154 | D:5      | Entered Level 5 of the Dungeon
  3176 | D:5      | Reached skill level 5 in Fighting
  3176 | D:5      | Reached skill level 5 in Unarmed Combat
  3776 | D:5      | Found an iron altar of Okawaru.
  3921 | D:5      | Reached *** piety under Trog
  3922 | D:5      | Reached XP level 7. HP: 45/65 MP: 7/7
  4156 | D:5      | Got the Compendium of the Body and the Winter
  4315 | D:5      | Noticed Ijyb
  4327 | D:5      | Killed Ijyb
  4531 | D:6      | Reached skill level 6 in Fighting
  4600 | D:6      | Reached XP level 8. HP: 73/75 MP: 8/8
  4738 | D:6      | Found a snail-covered altar of Cheibriados.
  4855 | D:6      | Reached skill level 1 in Polearms
  4863 | D:6      | Reached skill level 7 in Fighting
  5114 | D:6      | Found a shimmering altar of Xom.
  5120 | D:6      | Found a shimmering altar of Xom.
  5120 | D:6      | Found a white marble altar of Elyvilon.
  5122 | D:6      | Found a shimmering blue altar of Sif Muna.
  5122 | D:6      | Found a white marble altar of Elyvilon.
  5122 | D:6      | Found a radiant altar of Vehumet.
  5768 | D:7      | Found Lusakasi's Antique Armour Shop.
  5774 | D:7      | Bought a distressingly furry leather armour for 119 gold
                  | pieces
  5774 | D:7      | Identified the +1 leather armour "Abynt" {Harm Str+2 Int+9
                  | Slay-5} (You bought it in a shop on level 7 of the Dungeon)
  5840 | D:7      | Identified the +3 scale mail of the Moon {*Slow rF- Str+8
                  | Stlth+}
  5848 | D:7      | Reached XP level 9. HP: 70/85 MP: 9/9
  6110 | D:7      | Noticed a gargoyle
  6116 | D:7      | Killed a gargoyle
  6117 | D:7      | Reached skill level 8 in Fighting
  6311 | D:7      | Found an opulent altar of Gozag.
  6314 | D:7      | Found an ancient bone altar of Kikubaaqudgha.
  6321 | D:7      | Found a bloodstained altar of Trog.
  6327 | D:7      | Found a white marble altar of Elyvilon.
  6329 | D:7      | Found a sacrificial altar of Ru.
  6334 | D:7      | Found a glowing golden altar of the Shining One.
  6703 | D:8      | Noticed Amaemon
  6704 | D:8      | Noticed an orange demon
  6713 | D:8      | Killed Amaemon
  6715 | D:8      | Killed an orange demon
  6716 | D:8      | Reached skill level 9 in Fighting
  6716 | D:8      | Reached skill level 5 in Polearms
  6924 | D:8      | Noticed Grum
  6940 | D:8      | Demolished by Grum

Illustrated notes

Levels and vault maps discovered:
D:1:      erik_arrival_blinker_ship, layout_rooms, interstate_on_off
D:2:      layout_basic, serial_shops, shop, grunt_ministairs_12,
          minmay_splitting_lines, chequers_jeans, chequers_decorated_corner,
          uniq_robin, uniq_jessica
D:3:      layout_loops_ring, lightli_corner_chamber
D:4:      layout_loops_ring, nicolae_wu_jian_wuxing_cycle,
          minmay_temple_entry_wispy
D:5:      layout_loops_corners, okawaru_gym_becter,
          nicolae_kite_square_tiling_tiny, eino_tiny_chamber, uniq_ijyb
D:6:      layout_basic, doesnt_xom_only_xom, kennysheep_slug_shrine,
          portal_sewer_entry_b
D:7:      layout_loops_corners, nicolae_overflow_hallway_of_the_gods,
          serial_shops, shop
D:8:      layout_gridville, david_lair_generic, uniq_amaemon, uniq_pikel,
          uniq_grum

Skill      XL: |  1  2  3  4  5  6  7  8  9 |
---------------+----------------------------+-----
Fighting       | 3 4 5 6 7 9 |  9.2
Unarmed Combat | 3 4 5 6 7 8 |  8.0
Polearms       | 3 5 |  5.6
Armour         | |  2.4
Dodging        | |  1.3

Action                     |  1- 3 |  4- 6 |  7- 9 || total
---------------------------+-------+-------+-------++-------
  Melee: Unarmed           |   103 |   159 |    18 ||   280
         Tailslap          |     6 |    20 |    16 ||    42
         Punch             |       |     5 |     7 ||    12
         Demon trident     |       |       |   156 ||   156
  Throw: Throwing net      |       |       |     1 ||     1
 Invoke: Berserk           |     2 |     3 |     7 ||    12
 Armour: Animal skin       |    23 |       |       ||    23
         Chain mail        |     6 |    74 |    65 ||   145
         Steam dragon scal |       |       |    12 ||    12
  Dodge: Dodged            |    47 |    35 |    57 ||   139

Table legend: (Time is in decaauts)
 A = Elapsed time spent in this place.
 B = Non-inter-level travel time spent in this place.
 C = Inter-level travel time spent in this place.
 D = Time resting spent in this place.
 E = Time spent auto-exploring this place.
 F = Levels seen in this place.
 G = Mean time per level.
                   A        B        C        D        E       F      G
               +--------+--------+--------+--------+--------+-----+--------+
         Total |   7024 |   6695 |    329 |    192 |   5634 |   8 |  878.0 |
       Dungeon |   7024 |   6695 |    329 |    192 |   5634 |   8 |  878.0 |
               +--------+--------+--------+--------+--------+-----+--------+

Top non-repeatable levels by time:
     D:7: 1354 daAuts
     D:5: 1339 daAuts
     D:4: 989 daAuts
     D:2: 987 daAuts
     D:6: 909 daAuts
     D:3: 710 daAuts
     D:1: 494 daAuts
     D:8: 240 daAuts
